Map: Ascension to Aiur LE

Players

quik

  • Race: Terran Terran
  • League: Silver
  • Spawn Location: 11:00

Max

  • Race: Terran Terran
  • League: Gold
  • Spawn Location: 5:00

Alexei

  • Race: Terran Terran

Ezzz

  • Race: Terran Terran

VOD

Have the link to the VOD?

Description

Time

  • Played on: Nov. 10, 2017, 4:04 p.m.
  • Length: 15:45
Show
View Real Time Build Order
Export as new Build Order

quik Terran 

Build Orders: MMM Bio 

Get SALT Encoding   

  12  0:03  SCV  
  13  0:15  SCV  
  14  0:27  SCV  
  15  0:31  Supply Depot  
  15  0:52  SCV  
  16  1:00  Barracks  
  16  1:05  Barracks  
  16  1:06  SCV  
  17  1:14  Supply Depot  
  17  1:18  SCV  
  18  1:32  SCV  
  19  1:47  SCV  
  19  1:49  Marine  
  21  1:54  Marine  
  21  1:59  SCV  
  23  2:04  Supply Depot  
  23  2:05  Refinery  
  23  2:07  Refinery  
  23  2:11  SCV  
  23  2:13  Marine x2  
  26  2:23  SCV  
  27  2:35  SCV  
  28  2:57  SCV  
  29  3:09  SCV  
  29  3:10  Barracks Reactor  
  29  3:11  Barracks Reactor  
  30  3:24  Barracks  
  30  3:26  Barracks  
  30  3:34  Command Center, Orbital Command  
  30  3:45  Supply Depot  
  30  3:49  Supply Depot  
  30  3:51  Marine x4  
  34  4:02  Factory  
  34  4:16  Supply Depot, Marine  
  34  4:17  Supply Depot, Marine x3  
  35  4:21  Barracks Tech Lab  
  35  4:22  Barracks Tech Lab  
  38  4:38  Marine x4  
  39  4:44  Marauder  
  46  4:45  Marauder  
  46  4:57  Starport  
  46  5:07  Marine x3  
  46  5:08  Marine  
  50  5:18  Marauder  
  52  5:22  Stimpack  
  46  5:30  Combat Shields  
  46  5:33  Marine x3  
  49  5:37  Starport Reactor  
  49  5:48  Supply Depot  
  49  5:55  Marauder  
  49  5:56  Marauder  
  49  6:01  Factory Tech Lab  
  43  6:13  Medivac x2  
  43  6:17  Marine x3  
  43  6:18  Marine  
  51  6:24  Marauder  
  53  6:27  Marauder  
  53  6:30  SCV  
  52  6:36  SCV  
  49  6:43  SCV  
  49  6:47  Marine  
  49  6:48  SCV  
  48  6:58  Siege Tank  
  48  6:59  Medivac  
  53  7:05  SCV x2  
  52  7:12  Marine x3  
  52  7:17  SCV  
  52  7:18  SCV  
  54  7:29  Marauder x2, Marine  
  59  7:31  Marine  
  60  7:37  Siege Tank  
  63  7:45  Orbital Command  
  63  7:47  SCV  
  64  7:54  Marine x2  
  64  7:55  Marine x2  
  68  8:00  Marauder  
  70  8:09  SCV  
  71  8:13  Siege Tank  
  74  8:24  Refinery  
  74  8:31  Medivac x2  
  78  8:35  SCV x2  
  78  8:37  Marine x2  
  78  8:39  Marine  
  78  8:40  Marine  
  83  8:47  SCV x2  
  85  8:50  Marauder  
  85  8:52  Marauder  
  89  8:57  Marine x2  
  93  9:04  Siege Tank  
  94  9:27  Supply Depot  
  94  9:29  Supply Depot  
  94  9:33  Refinery  
  94  9:48  SCV x2  
  94  9:49  Factory, Marine x2  
  94  9:50  Marine x2  
  94  9:52  Factory  
  100  10:33  Siege Tank  
  103  10:38  Medivac x2  
  103  10:40  SCV x2  
  109  10:55  SCV  
  110  10:59  Command Center  
  110  11:03  Supply Depot  
  110  11:07  Supply Depot  
  110  11:17  Factory Tech Lab, SCV  
  110  11:18  Factory Tech Lab  
  110  11:26  Supply Depot  
  110  11:27  SCV  
  74  11:58  SCV x2  
  72  12:07  Marine x4  
  72  12:08  Marauder x2  
  60  12:10  SCV x2  
  60  12:11  Siege Tank  
  56  12:15  Factory Tech Lab  
  56  12:19  Medivac  
  56  12:22  SCV x2  
  50  12:34  SCV x2  
  46  12:46  SCV  
  46  12:47  SCV  
  47  12:58  SCV  
  47  12:59  SCV  
  49  13:11  SCV x2  
  51  13:23  SCV  
  50  13:33  SCV  
  50  13:35  SCV, Marine  
  50  13:36  Marine x3  
  50  13:37  Marauder  
  54  13:47  SCV x2  
  56  14:01  SCV x2  
  58  14:13  SCV x2  
  60  14:19  Concussive Shells  
  60  14:26  Siege Tank  
  60  14:31  Siege Tank  
  66  14:50  SCV x2  
  68  14:53  Engineering Bay  
  68  15:02  SCV x2  
  66  15:18  Engineering Bay  
Show
View Real Time Build Order
Export as new Build Order

Max Terran 

Build Orders: Reaper Expand 

Get SALT Encoding   

  12  0:01  SCV  
  13  0:15  Supply Depot  
  13  0:17  SCV  
  14  0:29  SCV  
  14  0:35  Refinery  
  15  0:43  Barracks  
  15  0:49  SCV  
  16  1:01  SCV  
  17  1:13  SCV  
  17  1:17  Refinery  
  18  1:25  SCV  
  19  1:31  Reaper  
  20  1:36  Refinery  
  20  1:45  Command Center  
  21  1:54  SCV  
  21  2:11  Factory, Marine  
  22  2:19  SCV  
  23  2:38  Supply Depot  
  23  2:54  Factory Tech Lab  
  23  2:56  Supply Depot, Marine  
  23  2:57  SCV  
  25  3:05  Bunker  
  25  3:08  SCV  
  25  3:09  SCV  
  27  3:16  Marine  
  28  3:22  Refinery  
  28  3:23  Siege Tank  
  28  3:25  SCV  
  28  3:26  Barracks  
  32  3:27  SCV  
  33  3:35  Starport  
  33  3:40  Marine  
  34  3:46  SCV x2  
  36  3:53  Refinery  
  36  4:01  Widow Mine  
  38  4:03  Marine  
  39  4:11  Starport Reactor  
  39  4:15  Barracks  
  39  4:20  SCV  
  41  4:29  Orbital Command  
  40  4:32  Orbital Command  
  40  4:33  Liberator  
  40  4:34  Siege Tank  
  40  4:37  Marine  
  47  4:55  Medivac  
  47  4:57  SCV x2  
  51  5:02  Marine  
  51  5:11  SCV  
  51  5:12  SCV  
  53  5:23  SCV  
  53  5:31  Marine  
  54  5:42  Barracks Reactor  
  54  5:43  Supply Depot  
  54  5:51  Supply Depot  
  54  5:52  Supply Depot  
  54  5:59  Liberator  
  54  6:05  SCV x2, Siege Tank  
  54  6:09  Marine  
  60  6:16  Refinery  
  60  6:17  Viking, Engineering Bay, SCV  
  66  6:22  SCV, Marine  
  66  6:23  Marine  
  69  6:28  Barracks  
  69  6:29  SCV  
  70  6:34  SCV  
  71  6:41  SCV  
  71  6:42  Marine x2  
  74  6:49  Barracks Tech Lab  
  74  6:52  Sensor Tower  
  74  6:53  SCV  
  75  6:56  Siege Tank  
  78  7:12  SCV  
  78  7:15  Command Center, Terran Infantry Weapons Level 1, Marine x2  
  78  7:17  Engineering Bay  
  78  7:23  Barracks Reactor  
  78  7:25  Engineering Bay  
  78  7:32  Armory  
  78  7:51  Missile Turret  
  78  7:52  Combat Shields, Missile Turret  
  78  7:58  Missile Turret  
  78  8:00  Terran Infantry Armor Level 1  
  78  8:05  Missile Turret  
  78  8:09  Liberator  
  78  8:19  Supply Depot  
  78  8:26  Marine x3  
  78  8:27  SCV x2  
  86  8:32  Marine  
  86  8:33  Marine  
  88  8:34  Siege Tank  
  88  8:37  Medivac  
  88  8:41  SCV x2  
  95  8:48  Marine x2  
  96  8:49  Marauder  
  96  8:53  SCV x2  
  95  9:05  SCV x2  
  95  9:07  Medivac  
  95  9:09  Medivac  
  101  9:13  Supply Depot  
  101  9:16  Supply Depot  
  101  9:20  SCV x2, Marine x4  
  107  9:27  Terran Infantry Weapons Level 2  
  107  9:35  Siege Tank  
  110  9:56  Missile Turret  
  110  9:59  Marine x3  
  112  10:00  Marine  
  112  10:01  Marine  
  112  10:03  Missile Turret  
  115  10:07  Missile Turret  
  115  10:10  Missile Turret x2  
  115  10:16  Missile Turret  
  115  10:29  Missile Turret  
  115  10:30  Missile Turret  
  115  10:31  Missile Turret, SCV x3  
  118  10:42  Missile Turret  
  118  10:44  Missile Turret  
  118  10:45  Missile Turret  
  118  10:50  SCV, Marine x4  
  118  10:51  Marine  
  118  10:56  Terran Infantry Armor Level 2  
  124  10:57  SCV  
  124  10:58  Refinery  
  124  11:03  Terran Vehicle Weapons Level 1  
  125  11:05  Refinery  
  125  11:13  Armory  
  125  11:24  SCV  
  125  11:26  Siege Tank  
  125  11:28  Medivac, SCV  
  125  11:30  Medivac  
  101  12:11  Marine  
  101  12:12  Marine x4  
  101  12:14  Siege Tank  
  101  12:15  Medivac x2  
  110  12:20  Terran Ship Weapons Level 1  
  110  12:22  Barracks  
  110  12:29  Marine x2  
  111  12:30  SCV x2, Marine x3  
  111  12:31  SCV  
  115  12:42  Stimpack, SCV  
  114  12:45  Medivac x2  
  114  12:46  Siege Tank  
  114  12:47  Marine x2  
  120  12:54  Marine  
  120  12:55  Marine x2  
  123  13:05  Orbital Command, Marine  
  124  13:08  Missile Turret  
  124  13:09  Missile Turret  
  124  13:11  Missile Turret  
  124  13:12  Missile Turret x3  
  124  13:13  Command Center, Missile Turret  
  124  13:35  Medivac  
  124  13:37  Siege Tank  
  120  13:48  Marine x4  
  120  13:49  SCV  
  125  14:16  Supply Depot  
  125  14:18  Supply Depot  
  125  14:19  Supply Depot  
  125  14:20  Supply Depot, Refinery  
  125  14:22  Supply Depot  
  125  14:24  Marine x6  
  125  14:25  SCV x3  
  134  14:33  Missile Turret  
  134  14:37  SCV x3  
  137  14:42  Marine  
  137  14:45  Siege Tank  
  139  14:49  SCV x3  
  139  14:54  Marine x3  
  139  14:55  Marine  
  139  14:57  Viking x2  
Show
View Real Time Build Order
Export as new Build Order

Alexei Terran 

Build Orders:  

Get SALT Encoding   

Show
View Real Time Build Order
Export as new Build Order

Ezzz Terran 

Build Orders:  

Get SALT Encoding   

Tags
 
Composition
MMM Bio
Race
Terran
Replay Pack
asfd
Add a new tag
Caveats
  • Supply blocks, unpowered buildings, or Contaminate may cause inaccurate times.
  • Supply counts are checked every 10 seconds.